AoeStats
← Icewind

MegaRandom

508949501Analyzed
3v3 RM · 9d ago on Sep 24, 2026· 72m 13s· 6 players
Game mode
Random Map
Map size
Normal (6 player)
Population
200
Speed
Normal
Resources
Standard
Victory
Conquest
Starting age
Dark Age
Ending age
Imperial Age
RankedLock teamsTeams togetherTeam positionsShared explorationLock speedFull tech treeHidden civsTurbo modeCheats
Victory
Defeat
🇨🇿 Romans · Czechia
1142
+17
🇨🇿 Franks · Czechia
1098
+19
🇨🇿 Ethiopians · Czechia
1080
+20
🇺🇸 Vietnamese · United States
1177
-19
🇹🇼 Persians · Taiwan
1174
-19
🇮🇳 Khmer · India
1140
-18
newats2007
0:37 Loom
10:45 Feudal Age
15:37 Castle Age
33:33 Double-Bit Axe
44:03 Imperial Age
43:13 Forging
42:54 Fletching
43:05 Padded Archer Armor
44:20 Heavy Scorpion
46:28 Pikeman
60:41 Bow Saw
60:16 Horse Collar
60:20 Fishing Lines
marshonginn
0:40 Loom
12:41 Feudal Age
13:37 Horse Collar
16:51 Castle Age
15:32 Double-Bit Axe
15:34 Fishing Lines
15:58 Gold Mining
17:04 Town Watch
19:36 Wheelbarrow
19:38 Gold Shaft Mining
20:22 Bow Saw
23:22 Gillnets
26:20 Husbandry
28:52 Bloodlines
29:01 Hand Cart
32:45 Imperial Age
30:43 Town Patrol
31:20 Scale Barding Armor
32:38 Forging
32:25 Cavalier
34:19 Two-Man Saw
33:46 Stone Mining
33:31 Heavy Camel Rider
35:06 Heavy Plow
35:42 Iron Casting
40:26 Conscription
40:40 Guilds
39:54 Savar
40:56 Chain Barding Armor
42:20 Blast Furnace
41:15 Stone Mining
43:04 Chemistry
42:59 Light Cavalry
44:44 Plate Barding Armor
47:18 Hussar
50:46 Masonry
50:32 Fletching
51:38 Crop Rotation
53:13 Citadels
56:08 Elite War Elephant
59:44 Ballistics
60:15 Hoardings
66:09 Bodkin Arrow
67:01 Padded Archer Armor
67:02 Scale Mail Armor
72:00 Murder Holes
Queso Padre
10:20 Feudal Age
9:20 Loom
11:06 Feudal Age
16:37 Castle Age
14:56 Double-Bit Axe
15:14 Horse Collar
16:05 Gold Mining
17:26 Crossbowman
17:59 Fletching
23:17 Padded Archer Armor
24:52 Bodkin Arrow
26:48 Leather Archer Armor
27:50 Ballistics
28:30 Bow Saw
30:34 Scale Barding Armor
33:19 Imperial Age
32:07 Wheelbarrow
Hugo Tuxovic
10:24 Feudal Age
13:57 Loom
17:34 Castle Age
18:36 Double-Bit Axe
20:44 Scale Barding Armor
20:30 Fletching
30:29 Imperial Age
29:07 Chain Barding Armor
30:17 Bodkin Arrow
32:25 Wheelbarrow
32:56 Chivalry
33:48 Gold Mining
33:52 Cavalier
35:44 Pikeman
36:19 Paladin
39:01 Halberdier
42:20 Plate Barding Armor
48:33 Chemistry
48:12 Elite Throwing Axeman
50:08 Scale Mail Armor
63:09 Light Cavalry
Icewind
10:35 Feudal Age
11:15 Man-at-Arms
12:00 Loom
18:46 Castle Age
35:32 Bloodlines
35:23 Husbandry
35:44 Scale Barding Armor
36:59 Stone Mining
38:52 Forging
39:35 Fletching
42:10 Wheelbarrow
43:04 Double-Bit Axe
45:20 Murder Holes
46:41 Hand Cart
47:50 Guard Tower
48:37 Squires
49:06 Scale Mail Armor
49:32 Ballistics
49:03 Long Swordsman
54:40 Imperial Age
52:27 Chain Mail Armor
53:09 Pikeman
56:32 Halberdier
58:48 Iron Casting
60:14 Horse Collar
62:09 Bow Saw
68:38 Capped Ram
70:03 Siege Ram
czechRichie
0:38 Loom
12:34 Feudal Age
14:35 Double-Bit Axe
18:39 Fletching
22:08 Castle Age
20:44 Padded Archer Armor
21:51 Horse Collar
22:46 Bodkin Arrow
22:20 Crossbowman
23:22 Leather Archer Armor
34:35 Imperial Age
34:38 Bow Saw
34:29 Heavy Plow
34:57 Arbalester
37:40 Bracer
38:11 Ring Archer Armor
40:56 Caravan
42:25 Chemistry
43:18 Wheelbarrow
48:14 Scale Mail Armor
48:25 Forging
48:21 Gold Mining
49:32 Two-Man Saw
51:44 Gold Shaft Mining
50:58 Town Watch
51:28 Hand Cart
53:52 Squires
54:09 Chain Mail Armor
54:29 Iron Casting
54:00 Halberdier
55:47 Plate Mail Armor
59:47 Town Patrol
60:11 Ballistics
60:02 Masonry
59:57 Siege Engineers
61:34 Torsion Engines
61:54 Conscription
66:21 Scale Barding Armor
67:18 Blast Furnace
66:11 Light Cavalry
66:51 Husbandry
67:11 Hussar
Connection lost

Rejoining the realm…

Still unreachable

The connection could not be restored.

Session expired

The server has moved on; the page needs a fresh start.